 Dungeon Crawl Stone Soup version 0.25-a0-517-gf8b3a32422 (webtiles) character file.

Game seed: 15320190610425758117, levelgen mode: deterministic

135 Lugonue the Chopper (level 5, -1/47 HPs)
             Began as a Hill Orc Fighter on Feb 17, 2020.
             Slain by an ice beast (3 damage)
             ... on level 3 of the Dungeon.
             The game lasted 00:03:38 (2049 turns).

Lugonue the Chopper (Hill Orc Fighter)              Turns: 2049, Time: 00:03:38

Health: -1/47      AC:  7    Str: 19    XL:     5   Next: 18%
Magic:  5/5        EV: 10    Int: 13    God:
Gold:   108        SH:  9    Dex: 11    Spells: 4/4 levels left

rFire    + . .     SeeInvis .   a - +0 war axe
rCold    + . .     Gourm    .   c - +0 kite shield
rNeg     . . .     Faith    .   b - +0 scale mail
rPois    +         Spirit   .   (no helmet)
rElec    +         Reflect  .   (no cloak)
rCorr    +         Harm     .   (no gloves)
MR       .....                  (no boots)
Stlth    ..........             (no amulet)
HPRegen  0.15/turn              k - +3 ring of evasion
MPRegen  0.09/turn              (no ring)

@: brilliant, resistant
A: no striking features
a: no special abilities


You were on level 3 of the Dungeon.
You were very hungry.

You visited 1 branch of the dungeon, and saw 3 of its levels.

You collected 108 gold pieces.

Inventory:

Hand Weapons
 a - a +0 war axe (weapon)
Armour
 b - a +0 scale mail (worn)
 c - a +0 kite shield (worn)
Jewellery
 k - a +3 ring of evasion (left hand)
Scrolls
 g - a scroll of enchant armour {unknown}
 h - a scroll of teleportation
Potions
 d - 2 potions of might
Comestibles
 f - 5 rations


   Skills:
 + Level 4.3 Fighting
 + Level 4.6 Axes
 + Level 4.0 Armour
 + Level 0.4 Dodging
 + Level 4.1 Shields


You had 4 spell levels left.
You didn't know any spells.
Your spell library was empty.

Dungeon Overview and Level Annotations

Branches:
Dungeon (3/15)

Altars:


Message History

It was a potion of brilliance.
You feel clever all of a sudden. The ice beast closely misses you.
You feel protected. You block the ice beast's attack.
You hit the ice beast.
The ice beast is severely wounded.
You block the ice beast's attack. The ice beast hits you.
* * * LOW HITPOINT WARNING * * *
The ice beast freezes you. You resist.
* * * LOW HITPOINT WARNING * * *
You aren't carrying any items that you can evoke.
Unknown command.
Okay, then.
Okay, then.
Unknown command.
You barely miss the ice beast.
The ice beast is severely wounded.
The ice beast hits you.
You die...

#.*###*****#.,**,**
#.##.## #..****
##.#...## #..*****
#......>## #...,,,,
#........# ##...#***
#...)...#**#.....#*
**##...#***....)..##
##Y..####,........#
#.@.....+,.......('
#....####,.......(#
#.#.## **.......##
#.### *#.....#* #.#
##...#* #.# ##'#*
####.### #.#
#......# #.#
#.##.#.# ##.#####


You could see an ice beast.

Vanquished Creatures
  A howler monkey (D:3)
  4 adders
  A dart slug (D:1)
  2 leopard geckos
  3 orcs (D:3)
  3 giant cockroaches (D:1)
  9 goblins
  4 hobgoblins
  5 jackals
  3 bats (D:1)
  9 kobolds
  9 rats
53 creatures vanquished.

Notes
Turn   | Place    | Note
-------+----------+-------------------------------------------
     0 | D:1      | Lugonue the Hill Orc Fighter began the quest for the Orb.
     0 | D:1      | Reached XP level 1. HP: 19/19 MP: 1/1
   403 | D:1      | Reached XP level 2. HP: 26/27 MP: 2/2
   727 | D:1      | Reached XP level 3. HP: 33/33 MP: 3/3
  1471 | D:2      | Reached XP level 4. HP: 38/40 MP: 4/4
  1842 | D:3      | Reached XP level 5. HP: 21/46 MP: 5/5
  2033 | D:3      | Noticed an ice beast
  2048 | D:3      | HP: 2/47 [ice beast (4)]
  2049 | D:3      | Slain by an ice beast

Levels and vault maps discovered:
D:1:      minmay_arrival_open_corners, layout_basic, minmay_unequal
D:2:      layout_loops_cross
D:3:      layout_loops_corners

Skill      XL: |  1  2  3  4  5 |
---------------+----------------+-----
Fighting       | 4 |  4.3
Axes           | 3 4 |  4.6
Shields        | 4 |  4.1
Armour         | 4 |  4.0
Dodging        | |  0.4

Action                   |  1- 3 |  4- 6 || total
-------------------------+-------+-------++-------
Melee: War axe           |   132 |    62 ||   194
Evoke: Wand              |       |     2 ||     2
  Use: Potion            |     1 |     2 ||     3
       Scroll            |       |     5 ||     5
  Eat: Chunk             |     1 |     2 ||     3
Armor: Scale mail        |    72 |    29 ||   101
Dodge: Dodged            |    55 |    20 ||    75
Block: Kite shield       |    93 |    43 ||   136

Table legend:
 A = Non-vault XP
 B = Vault XP
 C = Vault XP percentage of total XP
 D = Non-vault monster count
 E = Vault monster count
 F = Vault count percentage of total count
                 A         B        C        D         E       F
            +---------+---------+-------+---------+---------+-------
      Total |     189 |       4 |   2.1 |      50 |       3 |   5.7
            +---------+---------+-------+---------+---------+-------
        D:1 |      37 |       4 |   9.8 |      21 |       3 |  12.5
        D:2 |      49 |       0 |   0.0 |      14 |       0 |   0.0
        D:3 |     103 |       0 |   0.0 |      15 |       0 |   0.0
            +---------+---------+-------+---------+---------+-------
